 Dungeon Crawl Stone Soup version 0.27-a0-1060-gcb85b5eba1 (webtiles) character file.

Game seed: 272067594529780070

82 ma3 the Conjurer (level 4, -2/27 HPs)
             Began as an Octopode Conjurer on Apr 21, 2021.
             Slain by a gnoll
             ... wielding a +0 whip
              (10 damage)
             ... on level 2 of the Dungeon.
             The game lasted 00:02:09 (2467 turns).

ma3 the Conjurer (Octopode Conjurer)                Turns: 2467, Time: 00:02:09

Health: -2/27      AC:  1    Str:  6    XL:     4   Next: 43%
Magic:  0/8        EV: 13    Int: 21    God:
Gold:   101        SH:  0    Dex: 10    Spells: 6/9 levels left

rFire    . . .     SeeInvis .   (no weapon)
rCold    . . .     Faith    .   (no shield)
rNeg     . . .     Spirit   .   (helmet restricted)
rPois    .         Reflect  .   (no amulet)
rElec    .         Harm     .   b - ring of wizardry
rCorr    .         Rampage  .   (no ring)
Will     .....                  (no ring)
Stlth    +++.......             (no ring)
HPRegen  0.09/turn              (no ring)
MPRegen  0.11/turn              (no ring)
                                (no ring)
                                (no ring)

@: no status effects
A: almost no armour, amphibious, 8 rings, camouflage 1, gelatinous body 1,
(nimble swimmer 1), tentacles
a: no special abilities


You were on level 2 of the Dungeon.
You visited 1 branch of the dungeon, and saw 3 of its levels.

You collected 101 gold pieces.

Inventory:

Jewellery
 b - a ring of wizardry (left tentacle)
Scrolls
 c - 2 scrolls of fear {unknown}
 g - a scroll of teleportation {unknown}
 h - 3 scrolls of identify {unknown}
Potions
 a - a potion of curing {unknown}
 d - 2 potions of flight {unknown}
 e - a potion of brilliance {unknown}
 f - a potion of heal wounds {unknown}
 i - a potion of attraction {unknown}


   Skills:
 - Level 2.0 Dodging
 - Level 2.6 Stealth
 + Level 3.2 Spellcasting
 + Level 4.9 Conjurations


You had 6 spell levels left.
You knew the following spells:

 Your Spells              Type           Power      Damage    Failure   Level
a - Magic Dart            Conj           96%        1d7       1%          1
b - Searing Ray           Conj           48%        3d5       1%          2

Your spell library contained the following spells:

 Spells                   Type           Power      Damage    Failure   Level
 Dazzling Flash           Conj/Hex       26%        N/A       6%          3
 Fulminant Prism          Conj/Hex       6%         3d7       19%         4
 Iskenderun's Mystic Bla  Conj/Tloc      13%        2d5       19%         4


Dungeon Overview and Level Annotations

Branches:
Dungeon (3/15)

Altars:

Shops:
D:2 *


Innate Abilities, Weirdness & Mutations

You cannot wear most types of armour.
You are amphibious.
You can wear up to eight rings at the same time.
Your skin changes colour to match your surroundings (Stealth+).
Your rubbery body absorbs attacks. (AC +1, EV +1)
((You are camouflaged near water. (Stealth+)))
You have tentacles for arms and can constrict up to eight enemies at once.


Message History

A gnoll is nearby!
A gnoll is nearby!
A gnoll is nearby!
A gnoll comes into view. It is wielding a +0 whip.
A gnoll comes into view. It is wielding a +0 spear.
A gnoll sergeant comes into view. It is wielding a +0 spear.
The gnoll shouts!
The gnoll sergeant shouts!
You hear an angry hiss.
The gnoll shouts!
The searing ray hits the gnoll!
The gnoll is severely wounded. (Press . to maintain the ray.)
The gnoll shouts!
The searing ray misses the gnoll.
A gnoll comes into view. It is wielding a +0 spear.
The searing ray hits the gnoll!
You kill the gnoll!
The searing ray hits the gnoll sergeant!
The gnoll sergeant is moderately wounded. (Press . to maintain the ray.)
The gnoll shouts!
The searing ray misses the gnoll.
The searing ray hits the gnoll sergeant.
The gnoll sergeant is heavily wounded.
The gnoll hits you with a +0 whip.
The gnoll sergeant hits you from afar with a +0 spear!
Unknown command.
The gnoll closely misses you. The gnoll barely misses you.
There is a stone staircase leading up here.
The gnoll closely misses you.
You climb upwards.
There is a stone staircase leading down here.
The searing ray hits the gnoll!
The gnoll is severely wounded. (Press . to maintain the ray.)
The gnoll hits you with a +0 whip.
* * * LOW HITPOINT WARNING * * *
Unknown command.
The searing ray misses the gnoll.
The gnoll hits you with a +0 whip!
You die...

############
#..........#
#.########.# ##.###
#.# ####....# #.#
8.<.∩.8.## #.#
.........###
#.#########
##.........#
#.#@......#
#.......#.#
#.#g#####.########
##.....##.###.#.#
#........###
##........##.#÷#
##########..
#...###..##.#.# #..
###......##.#.# #..
######...........####
#..
...>...###..#.......#
#.. ########
#..#.#####.# #..


You could see a gnoll.

Vanquished Creatures
  2 adders (D:2)
  A gnoll (D:3)
  A worm (D:2)
  2 ball pythons (D:1)
  9 endoplasms
  2 giant cockroaches (D:2)
  5 goblins
  2 hobgoblins (D:2)
  8 jackals
  A kobold (D:1)
  2 quokkas
  4 bats
  A frilled lizard (D:1)
  6 rats
46 creatures vanquished.

Notes
Turn   | Place    | Note
-------+----------+-------------------------------------------
     0 | D:1      | ma3 the Octopode Conjurer began the quest for the Orb.
     0 | D:1      | Reached XP level 1. HP: 11/11 MP: 3/3
    47 | D:1      | Found a faded altar of an unknown god.
   194 | D:1      | Reached XP level 2. HP: 17/17 MP: 3/5
   197 | D:1      | Learned a level 2 spell: Searing Ray
   731 | D:1      | Reached XP level 3. HP: 17/21 MP: 2/6
  1323 | D:2      | Found Tahylem's Assorted Antiques.
  1829 | D:2      | Reached XP level 4. HP: 27/27 MP: 2/8
  2448 | D:3      | Noticed a gnoll sergeant
  2467 | D:2      | Slain by a gnoll

Illustrated notes

Levels and vault maps discovered:
D:1:      dpeg_arrival_simpleton_c, layout_loops_cross,
          chequers_ecumenical_altar_simple, minmay_tromino_v2
D:2:      layout_loops_ring, serial_shops, shop_statue,
          kennysheep_generic_room_9
D:3:      layout_loops_cross, grunt_temple_overflow_cloverleaf,
          gammafunk_ghost_cemetery, uniq_ijyb, uniq_sigmund

Skill      XL: |  1  2  3 |
---------------+----------+-----
Spellcasting   | 3 |  3.2
Dodging        | |  2.0
Stealth        | |  2.6
Conjurations   | |  4.9

Action                   |  1- 3 |  4- 6 || total
-------------------------+-------+-------++-------
Melee: Unarmed           |     5 |       ||     5
       Constrict         |     2 |       ||     2
       Tentacles         |     1 |       ||     1
 Cast: Magic Dart        |     9 |       ||     9
       Searing Ray       |    32 |     7 ||    39
Armor: Skin              |     1 |       ||     1
Dodge: Dodged            |     4 |     3 ||     7

Table legend: (Time is in decaauts)
 A = Elapsed time spent in this place.
 B = Non-inter-level travel time spent in this place.
 C = Inter-level travel time spent in this place.
 D = Time resting spent in this place.
 E = Time spent auto-exploring this place.
 F = Levels seen in this place.
 G = Mean time per level.
                   A        B        C        D        E       F      G
               +--------+--------+--------+--------+--------+-----+--------+
         Total |   2466 |   2416 |     50 |      0 |   2220 |   3 |  822.0 |
       Dungeon |   2466 |   2416 |     50 |      0 |   2220 |   3 |  822.0 |
               +--------+--------+--------+--------+--------+-----+--------+

Top non-repeatable levels by time:
     D:2: 1214 daAuts
     D:1: 1185 daAuts
     D:3: 66 daAuts
